 Dungeon Crawl Stone Soup version 0.30-a0-596-g0af90f9a20 (webtiles) character file.

Game seed: 10104823321608359141

62 Newt the Sneak (level 3, 0/27 HPs)
             Began as a Demonspawn Gladiator on Jan 6, 2023.
             Killed by nerve-wracking pain
             ... invoked by Grinder
              (13 damage)
             ... on level 3 of the Dungeon.
             The game lasted 00:01:50 (1526 turns).

Newt the Sneak (Demonspawn Gladiator)               Turns: 1526, Time: 00:01:51

Health: 0/27       AC:  7    Str: 16    XL:     3   Next: 85%
Magic:  12/12      EV: 12    Int:  9    God:
Gold:   171        SH:  0    Dex: 16    Spells: 2/2 levels left

rFire   . . .      SeeInvis .    h - +1 dagger (venom)
rCold   . . .      Faith    .    (no shield)
rNeg    . . .      Spirit   .    b - +0 leather armour
rPois   .          Reflect  .    c - +0 helmet
rElec   .          Harm     .    q - +1 cloak
rCorr   .          Rampage  .    (no gloves)
Will    .....                    k - +0 pair of boots
Stlth   +++                      (no amulet)
HPRegen 0.24/turn                g - ring of magical power
MPRegen 0.13/turn                (no ring)

@: no status effects
A: thin skeletal structure 1, demonic touch 1
a: no special abilities


You were on level 3 of the Dungeon.
You visited 1 branch of the dungeon, and saw 3 of its levels.

You collected 171 gold pieces.

Inventory:

Hand Weapons
 a - a +0 rapier
 h - a +1 dagger of venom (weapon)
 l - a +1 dagger of speed
Missiles
 e - 7 javelins (quivered)
 f - 4 boomerangs
Armour
 b - a +0 leather armour (worn)
 c - a +0 helmet (worn)
 k - a +0 pair of boots (worn)
 q - a +1 cloak (worn)
Jewellery
 g - a ring of magical power (left hand)
 p - a ring of see invisible
 t - a ring of flight
Scrolls
 m - a scroll of brand weapon
 n - a scroll of teleportation
 r - a scroll of butterflies {unknown}
 s - a scroll of noise {unknown}
Potions
 j - a potion of berserk rage {unknown}
 o - a potion of curing {unknown}


   Skills:
 - Level 2.0 Fighting
 - Level 2.6 Short Blades
 - Level 1.7 Throwing
 - Level 2.6 Dodging
 + Level 3.5 Stealth


You had 2 spell levels left.
You didn't know any spells.
Your spell library contained the following spells:

 Spells                   Type           Power      Damage    Failure   Level
 Cigotuvi's Dreadful Rot  Necr/Pois/Air  0%         N/A       58%         2
 Poisonous Vapours        Pois/Air       0%         N/A       58%         2
 Mephitic Cloud           Conj/Pois/Air  0%         N/A       83%         3
 Portal Projectile        Hex/Tloc       0%         N/A       83%         3
 Tukima's Dance           Hex            0%         N/A       83%         3
 Blade Hands              Tmut           0%         N/A       100%        5


Dungeon Overview and Level Annotations

Branches:
Dungeon (3/15)

Altars:
Sif Muna

Annotations:
D:3 Grinder


Innate Abilities, Weirdness & Mutations

You have a somewhat thin skeletal structure. (Dex +2, Stealth+)
Your touch may inflict minor irresistible damage on your foes.


Message History

The giant cockroach barely misses you.
The giant cockroach attacks as you move away!
The giant cockroach misses you. The giant cockroach bites you.
You hit the giant cockroach.
The giant cockroach is heavily wounded.
The giant cockroach bites you but does no damage.
You hit the giant cockroach.
The giant cockroach is poisoned.
The giant cockroach is severely wounded.
The giant cockroach bites you but does no damage.
You barely miss the giant cockroach.
You touch the giant cockroach.
You kill the giant cockroach!
Grinder gestures at you. Pain shoots through your body!
Grinder blinks!
Throw: 3 throwing nets
Press: ? - help, Q - select action, (/) - cycle Shift-Dir - straight line, f - Grinder
Aim: Grinder (57% to hit)
You throw a throwing net.
The throwing net closely misses Grinder.
Grinder gestures at you. Pain shoots through your body!
* * * LOW HITPOINT WARNING * * *
Throw: 2 throwing nets
Press: ? - help, Q - select action, (/) - cycle Shift-Dir - straight line, f/p - Grinder
Aim: Grinder (57% to hit)
You throw a throwing net. The throwing net barely misses Grinder.
Grinder hits you but does no damage.
It was a potion of heal wounds.
You feel much better. Grinder hits you!
You writhe in agony.
Throw: throwing net
Press: ? - help, Q - select action, (/) - cycle Shift-Dir - straight line, f/p - Grinder
Aim: Grinder (57% to hit)
You throw a throwing net. The throwing net barely misses Grinder.
Grinder hits you but does no damage.
Okay, then.
Grinder attacks as you move away! Grinder barely misses you.
Grinder attacks as you move away! Grinder hits you. Grinder gestures at you.
Pain shoots through your body!
You die...

....?...#
#......#
#......#
#......#
#......#######
##.####......#
#.####.#
#.5..#.#
####@#.# #.#.#
..#.# #####.#
#.....#
#.##### #.#
#.# ######.#


You could see Grinder.

Vanquished Creatures
  An adder (D:2)
  A worm (D:2)
  3 dart slugs
  A ball python (D:1)
  An endoplasm (D:1)
  A giant cockroach (D:3)
  7 goblins
  5 hobgoblins
  3 jackals (D:1)
  5 bats
  3 frilled lizards
  4 kobolds
  7 rats
42 creatures vanquished.

Notes
Turn   | Place    | Note
-------+----------+-------------------------------------------
     0 | D:1      | Newt the Demonspawn Gladiator began the quest for the Orb.
     0 | D:1      | Reached XP level 1. HP: 16/16 MP: 1/1
    39 | D:1      | Reached skill level 1 in Stealth
   134 | D:1      | Gained mutation: You have a somewhat thin skeletal
                  | structure. (Dex +2, Stealth+) [demonic ancestry]
   134 | D:1      | Reached XP level 2. HP: 22/22 MP: 2/2
   149 | D:1      | Reached skill level 2 in Stealth
   272 | D:1      | Found a faded altar of an unknown god.
   387 | D:1      | Gained mutation: Your touch may inflict minor irresistible
                  | damage on your foes. [demonic ancestry]
   387 | D:1      | Reached XP level 3. HP: 27/27 MP: 3/3
   723 | D:2      | Reached skill level 3 in Stealth
   948 | D:2      | Found a shimmering blue altar of Sif Muna.
  1502 | D:3      | Noticed Grinder
  1503 | D:3      | Paralysed by Grinder for 5 turns
  1526 | D:3      | Killed from afar by Grinder

Illustrated notes

Levels and vault maps discovered:
D:1:      co_arrival_square_in_a_square_in_a_square, layout_loops_ring,
          hellmonk_ecumenical_altar_zigzags, minmay_pentomino_x4
D:2:      layout_basic, basic_altar
D:3:      layout_basic, nicolae_titane, uniq_sigmund, uniq_grinder, uniq_robin

Skill      XL: |  1  2  3 |
---------------+----------+-----
Stealth        | 1 2 3 |  3.5
Fighting       | |  2.0
Short Blades   | |  2.6
Throwing       | |  1.7
Dodging        | |  2.6

Action                   || total
-------------------------++-------
Melee: Rapier            ||    54
       Punch             ||     2
       Dagger            ||    48
       Touch             ||     6
Throw: Throwing net      ||     3
  Use: Scroll            ||     4
       Potion            ||     1
 Stab: Sleeping          ||     8
       Distracted        ||     1
Armor: Leather armour    ||    35
Dodge: Dodged            ||    55

Table legend: (Time is in decaauts)
 A = Elapsed time spent in this place.
 B = Non-inter-level travel time spent in this place.
 C = Inter-level travel time spent in this place.
 D = Time resting spent in this place.
 E = Time spent auto-exploring this place.
 F = Levels seen in this place.
 G = Mean time per level.
                   A        B        C        D        E       F      G
               +--------+--------+--------+--------+--------+-----+--------+
         Total |   1511 |   1458 |     53 |      0 |   1130 |   3 |  503.7 |
       Dungeon |   1511 |   1458 |     53 |      0 |   1130 |   3 |  503.7 |
               +--------+--------+--------+--------+--------+-----+--------+

Top non-repeatable levels by time:
     D:2: 773 daAuts
     D:1: 689 daAuts
     D:3: 49 daAuts
